 Dungeon Sprint DCSS version 0.29.1-2-gbd0b4ee654 (webtiles) character file.

Game seed: 7312451981886736933

2742 boopmooplesden the Fencer (level 9, -6/97 HPs)
             Began as a Minotaur Berserker on Nov 8, 2022.
             Was a High Priest of Trog.
             Mangled by a troll (7 damage)
             ... in the Dungeon (Sprint IX: "|||||||||||||||||||||||||||||").
             The game lasted 00:01:37 (1345 turns).

boopmooplesden the Fencer (Minotaur Berserker)      Turns: 1345, Time: 00:01:38

Health: -6/97      AC: 16    Str: 26    XL:     9   Next: 41%
Magic:  8/8        EV: 10    Int:  7    God:    Trog [*****.]
Gold:   0          SH:  0    Dex: 13    Spells: 8/8 levels left

rFire   . . .      SeeInvis .   k - +2 scimitar (holy)
rCold   . . .      Faith    .   (no shield)
rNeg    . . .      Spirit   .   n - +0 plate armour
rPois   .          Reflect  .   (helmet restricted)
rElec   .          Harm     .   m - +0 cloak
rCorr   .          Rampage  .   l - +0 pair of gloves
Will    .....      NoTele   +   (no boots)
Stlth   ..........              (no amulet)
HPRegen 0.26/turn               p - +3 ring of intelligence
MPRegen 0.11/turn               o - +3 ring of strength

@: on berserk cooldown, slowed, very slow
A: horns 2, retaliatory headbutt
a: Renounce Religion, Berserk, Trog's Hand, Brothers in Arms


You were in the Dungeon.
You worshipped Trog.
Trog was extremely pleased with you.
You visited 1 branch

Inventory:

Hand Weapons
 a - a +0 falchion
 k - a +2 scimitar of holy wrath (weapon)
 q - a +4 vorpal long sword
Armour
 b - a +0 animal skin
 l - a +0 pair of gloves (worn)
 m - a +0 cloak (worn)
 n - a +0 plate armour (worn)
Jewellery
 o - a +3 ring of strength (right hand)
 p - a +3 ring of intelligence (left hand)
Wands
 j - a wand of acid (10)
Scrolls
 h - 2 scrolls of blinking
Potions
 c - 5 potions of curing
 d - 3 potions of heal wounds
 e - a potion of haste
 f - 4 potions of magic
 g - a potion of berserk rage
 i - a potion of invisibility


   Skills:
 + Level 15.0 Fighting
 + Level 17.4 Long Blades
 + Level 9.1 Armour
 + Level 7.0 Dodging
 + Level 4.2 Stealth


You had 8 spell levels left.
You didn't know any spells.
Your spell library was empty.

Dungeon Overview and Level Annotations

Branches:
Dungeon (1/1)

Altars:
Cheibriados
Dithmenos
Elyvilon
Fedhas
Gozag
Hepliaklqana
Kikubaaqudgha
Makhleb
Nemelex Xobeh
Okawaru
Qazlal
Ru
Sif Muna
Trog
Uskayaw
Vehumet
Wu Jian
Xom
Yredelemnul
Zin
The Shining One
Jiyva
Lugonu


Innate Abilities, Weirdness & Mutations

You have a pair of horns on your head.
You reflexively headbutt those who attack you in melee.


Message History

The troll bites you but does no damage. The troll misses you.
The troll claws you but does no damage.
You hit the troll.
The troll is almost dead.
The troll bites you. The troll claws you but does no damage.
The troll claws you.
You slash the troll!
You kill the troll!
Trog accepts your kill. Trog grants you a weapon!
Something appears at your feet!
You see here a +4 vorpal long sword.
Your Fighting skill increases to level 15!
Your Armour skill increases to level 9!
Your Dodging skill increases to level 7!
q - a +4 vorpal long sword The troll bites you!
The troll barely misses you. The troll claws you but does no damage.
You hit the troll.
The troll is lightly wounded.
The troll bites you!
* * * LOW HITPOINT WARNING * * *
The troll barely misses you. The troll closely misses you.
You closely miss the troll. The troll bites you but does no damage.
The troll claws you but does no damage. The troll barely misses you.
You slice the troll!! Your headbutt misses the troll.
The troll is heavily wounded.
The troll bites you!
* * * LOW HITPOINT WARNING * * *
The troll claws you but does no damage. The troll claws you.
* * * LOW HITPOINT WARNING * * *
You closely miss the troll.
The troll is heavily wounded.
The troll bites you but does no damage. The troll barely misses you. x2
Unknown command.
You hit the troll. You headbutt the troll!
The troll is severely wounded.
The troll bites you!
* * * LOW HITPOINT WARNING * * *
The troll claws you!
You die... ▓▓▓▓▓▓▓▓▓▓▓▓▓▓▓▓▓▓▓▓▓▓ )......'))÷...'.@T...+ ▓▓▓▓▓▓▓▓▓▓▓▓▓▓▓▓▓▓▓▓▓▓

You could see a troll.

Vanquished Creatures
  A death knight (D)
  A skeletal warrior (D)
  A gargoyle (D)
  A troll (D)
  A hornet (D)
  A slime creature (D)
  A shadow (D)
  A wraith (D)
  2 yaks (D)
  A centaur (D)
  2 hounds (D)
  An iguana (D)
  An adder (D)
  A ball python (D)
  An endoplasm (D)
  A jackal (D)
  A quokka (D)
  A kobold (D)
  A rat (D)
21 creatures vanquished.

Notes
Turn   | Place    | Note
-------+----------+-------------------------------------------
     0 | D        | boopmooplesden the Minotaur Berserker began the quest for
                  | the Orb.
     0 | D        | Reached XP level 1. HP: 19/19 MP: 0/0
    10 | D        | Reached skill level 4 in Long Blades
    10 | D        | Reached ** piety under Trog
   544 | D        | Noticed an iguana
   544 | D        | Noticed a hound
   544 | D        | Noticed a hound
   548 | D        | Killed an iguana
   549 | D        | Reached skill level 5 in Fighting
   549 | D        | Reached skill level 5 in Long Blades
   549 | D        | Reached XP level 2. HP: 24/29 MP: 1/1
   549 | D        | Reached XP level 3. HP: 30/36 MP: 2/2
   553 | D        | Reached *** piety under Trog
   554 | D        | Reached skill level 6 in Long Blades
   559 | D        | Reached skill level 7 in Long Blades
   559 | D        | Reached XP level 4. HP: 28/45 MP: 3/3
   930 | D        | Found a snail-covered altar of Cheibriados.
   930 | D        | Found a shadowy altar of Dithmenos.
   930 | D        | Found a white marble altar of Elyvilon.
   930 | D        | Found a blossoming altar of Fedhas.
   930 | D        | Found an opulent altar of Gozag.
   931 | D        | Found a hazy altar of Hepliaklqana.
   932 | D        | Found a viscous altar of Jiyva.
   933 | D        | Found an ancient bone altar of Kikubaaqudgha.
   934 | D        | Found a corrupted altar of Lugonu.
   935 | D        | Found a burning altar of Makhleb.
   936 | D        | Found a sparkling altar of Nemelex Xobeh.
   937 | D        | Found an iron altar of Okawaru.
   938 | D        | Found a stormy altar of Qazlal.
   939 | D        | Found a sacrificial altar of Ru.
   940 | D        | Found a shimmering blue altar of Sif Muna.
   941 | D        | Found a bloodstained altar of Trog.
   942 | D        | Found a hide-covered altar of Uskayaw.
   943 | D        | Found a radiant altar of Vehumet.
   944 | D        | Found an ornate altar of the Wu Jian Council.
   945 | D        | Found a shimmering altar of Xom.
   946 | D        | Found a basalt altar of Yredelemnul.
   947 | D        | Found a glowing silver altar of Zin.
   948 | D        | Found a glowing golden altar of the Shining One.
  1003 | D        | Noticed a yak
  1003 | D        | Noticed a gargoyle
  1003 | D        | Noticed a centaur
  1003 | D        | Noticed a yak
  1003 | D        | Noticed a hornet
  1003 | D        | Noticed a wraith
  1008 | D        | Killed a yak
  1009 | D        | Reached skill level 10 in Long Blades
  1009 | D        | Reached skill level 5 in Armour
  1009 | D        | Reached skill level 1 in Stealth
  1009 | D        | Reached XP level 5. HP: 57/57 MP: 4/4
  1013 | D        | Killed a gargoyle
  1013 | D        | Reached **** piety under Trog
  1014 | D        | Reached skill level 12 in Long Blades
  1014 | D        | Reached skill level 5 in Dodging
  1014 | D        | Reached XP level 6. HP: 68/68 MP: 5/5
  1014 | D        | Reached XP level 7. HP: 74/74 MP: 6/6
  1024 | D        | Killed a yak
  1025 | D        | Reached skill level 13 in Long Blades
  1025 | D        | Killed a hornet
  1026 | D        | Reached skill level 14 in Long Blades
  1036 | D        | Killed a wraith
  1037 | D        | Reached XP level 8. HP: 37/85 MP: 7/7
  1307 | D        | Noticed a slime creature
  1307 | D        | Noticed a skeletal warrior
  1307 | D        | Noticed a death knight
  1307 | D        | Noticed a troll
  1307 | D        | Noticed a troll
  1314 | D        | Killed a slime creature
  1317 | D        | Reached ***** piety under Trog
  1318 | D        | Reached skill level 15 in Long Blades
  1327 | D        | Killed a skeletal warrior
  1328 | D        | Reached skill level 16 in Long Blades
  1331 | D        | Killed a death knight
  1332 | D        | Reached skill level 17 in Long Blades
  1332 | D        | Reached XP level 9. HP: 69/96 MP: 8/8
  1339 | D        | Killed a troll
  1339 | D        | Received a gift from Trog
  1340 | D        | Reached skill level 15 in Fighting
  1345 | D        | HP: 1/97 [troll (7)]
  1345 | D        | Mangled by a troll

Illustrated notes

Levels and vault maps discovered:
D:        linesprint [early_d, line_temple, items_1, d_10, items_2, lair_1,
          lair_end, items_3, orc_1, orc_end, items_4, d_15, swamp_1, shoals_1,
          snake_1, spider_1, d_20, vaults_1, items_5, swamp_end, shoals_end,
          snake_end, spider_end, vaults_end, d_27, items_6, zot_1, zot_end,
          crypt_end, forest_end, elf_end, slime_end, tomb_end, abyss_end,
          pan_hell_end]

Skill      XL: |  1  2  3  4  5  6  7  8  9 |
---------------+----------------------------+-----
Fighting       | 5 6 9 11 12 14 15 | 15.0
Long Blades    | 5 7 10 12 14 17 | 17.4
Armour         | 3 5 6 8 9 |  9.1
Dodging        | 3 4 5 6 7 |  7.0
Stealth        | 1 2 3 4 |  4.2

Action                   |  1- 3 |  4- 6 |  7- 9 || total
-------------------------+-------+-------+-------++-------
Melee: Falchion          |    22 |     2 |       ||    24
       Headbutt          |     2 |     2 |    11 ||    15
       Scimitar          |       |     8 |    53 ||    61
Invok: Berserk           |     2 |     1 |     1 ||     4
Armor: Animal skin       |     2 |       |       ||     2
       Plate armour      |       |       |    22 ||    22
Dodge: Dodged            |     9 |     6 |    22 ||    37
